 Dungeon Crawl Stone Soup version 0.29-a0-515-g7c1fb6cc08 (webtiles) character file.

Game seed: 9513480090970067909

27 Bruhh the Caller (level 3, 11/31 HPs)
             Began as an Ogre Summoner on May 30, 2022.
             Quit the game on level 2 of the Dungeon.
             The game lasted 00:01:21 (1911 turns).

Bruhh the Caller (Ogre Summoner)                    Turns: 1911, Time: 00:01:22

Health: 11/31      AC:  3    Str: 12    XL:     3   Next: 10%
Magic:  5/7        EV:  9    Int: 18    God:
Gold:   69         SH:  0    Dex:  9    Spells: 7/8 levels left

rFire   . . .      SeeInvis .   c - +0 mace (protect)
rCold   . . .      Faith    .   (no shield)
rNeg    . . .      Spirit   .   a - +0 robe
rPois   .          Reflect  .   (helmet restricted)
rElec   .          Harm     .   (no cloak)
rCorr   .          Rampage  .   (gloves unavailable)
Will    .....                   (boots unavailable)
Stlth   +.........              (no amulet)
HPRegen 0.10/turn               (no ring)
MPRegen 0.10/turn               (no ring)

@: lethally poisoned (11 -> -2)
A: large, unfitting armour, tough skin 1
a: no special abilities


You were on level 2 of the Dungeon.
You visited 1 branch of the dungeon, and saw 2 of its levels.

You collected 69 gold pieces.

Inventory:

Hand Weapons
 c - a +0 mace of protection (weapon)
Armour
 a - a +0 robe (worn)
Potions
 b - a potion of magic


   Skills:
 - Level 1.7 Dodging
 - Level 1.4 Stealth
 + Level 3.3 Spellcasting
 + Level 4.1 Summonings


You had 7 spell levels left.
You knew the following spells:

 Your Spells              Type           Power      Damage    Failure   Level
a - Summon Small Mammal   Summ           68%        N/A       3%          1

Your spell library contained the following spells:

 Spells                   Type           Power      Damage    Failure   Level
 Call Imp                 Summ           17%        N/A       4%          2
 Call Canine Familiar     Summ           17%        N/A       9%          3
 Summon Guardian Golem    Hex/Summ       10%        N/A       21%         3
 Summon Lightning Spire   Summ/Air       10%        N/A       56%         4


Dungeon Overview and Level Annotations

Branches:
Dungeon (2/15)

Altars:


Innate Abilities, Weirdness & Mutations

You are too large for most types of armour.
You have tough skin. (AC +1)


Message History

You are poisoned.
The adder poisons you!
The quokka bites you but does no damage.
The adder bites you but does no damage.
Your bat barely misses the quokka.
The quokka closely misses you.
You feel sick.
Your bat hits the quokka. Your bat hits the adder. The adder bites you.
You are more poisoned.
The adder poisons you!
Your bat barely misses the adder.
The quokka bites you but does no damage.
Unknown command.
You closely miss the quokka.
The quokka is moderately wounded.
You feel very sick.
Your bat closely misses the quokka.
Your bat barely misses the quokka.
The adder barely misses you. The quokka barely misses you.
Your quokka barely misses the quokka.
Your bat closely misses the quokka.
The adder barely misses you. The quokka closely misses you.
You barely miss the adder.
The adder is lightly wounded.
You feel sick.
Your bat hits the quokka.
Your bat closely misses the quokka.
Your quokka bites the quokka.
The adder bites you.
You are more poisoned.
The adder poisons you! The quokka closely misses your quokka.
Your quokka bites the quokka.
The adder bites you.
You are lethally poisoned!
The adder poisons you!
Your magical contamination has completely faded away.
Okay, then.
As you read the scroll labelled GIOKEY SUDE, it crumbles to dust.
It is a scroll of identify.
You don't have any unidentified items.
You feel very sick.
Your bat barely misses the quokka.
The quokka bites your quokka.
Your quokka dies!
Your quokka's corpse disappears in a puff of smoke!
The adder barely misses you.
Unknown command.
Okay, then.
Are you sure you want to abandon this character and quit the game? (Confirm with "yes".)

#.# ....# #.# .... #.#
#.# ...###.# #.#
#...##.#########.#
.b.##.#.........#
######r.##.#.#########
#.......##.#.#
#.....S@##.#.#
#....?.......#
.............#
.............#
....###......# .#..
#......# ## #.#.##.#
#.#.##.# #.#..#.#


You could see an adder, a quokka (distracted, ally target) and a friendly bat
(summoned).

Vanquished Creatures
  A dart slug (D:1)
  2 ball pythons (D:1)
  3 bats (D:1)
  2 goblins (D:1)
  A quokka (D:1)
  2 frilled lizards (D:1)
  2 rats (D:1)
13 creatures vanquished.

Vanquished Creatures (collateral kills)
  A ball python (D:1)
  An endoplasm (D:1)
  A giant cockroach (D:1)
  2 hobgoblins (D:1)
  A quokka (D:1)
  A frilled lizard (D:1)
  3 rats (D:1)
10 creatures vanquished.

Grand Total: 23 creatures vanquished

Notes
Turn   | Place    | Note
-------+----------+-------------------------------------------
     0 | D:1      | Bruhh the Ogre Summoner began the quest for the Orb.
     0 | D:1      | Reached XP level 1. HP: 16/16 MP: 3/3
   871 | D:1      | Reached XP level 2. HP: 17/24 MP: 1/5
  1147 | D:1      | Found a faded altar of an unknown god.
  1238 | D:1      | Reached skill level 4 in Summonings
  1457 | D:1      | Reached XP level 3. HP: 29/31 MP: 7/7
  1911 | D:2      | Quit the game

Illustrated notes

Levels and vault maps discovered:
D:1:      dpeg_chamrin_arrival_tetris, layout_loops_corners,
          hellmonk_ecumenical_altar_run_dry, moated_statue,
          hangedman_glass_teeth
D:2:      layout_basic, nicolae_figureground_sparkle

Skill      XL: |  1  2 |
---------------+-------+-----
Spellcasting   | 3 |  3.3
Summonings     | 4 |  4.1
Dodging        | |  1.7
Stealth        | |  1.4

Action                   || total
-------------------------++-------
Melee: Unarmed           ||    54
       Mace              ||    31
 Cast: Summon Small Mamm ||    37
  Use: Scroll            ||     1
 Stab: Sleeping          ||     2
       Distracted        ||     1
Armor: Robe              ||    57
Dodge: Dodged            ||    66

Table legend: (Time is in decaauts)
 A = Elapsed time spent in this place.
 B = Non-inter-level travel time spent in this place.
 C = Inter-level travel time spent in this place.
 D = Time resting spent in this place.
 E = Time spent auto-exploring this place.
 F = Levels seen in this place.
 G = Mean time per level.
                   A        B        C        D        E       F      G
               +--------+--------+--------+--------+--------+-----+--------+
         Total |   1922 |   1902 |     20 |      0 |   1660 |   2 |  961.0 |
       Dungeon |   1922 |   1902 |     20 |      0 |   1660 |   2 |  961.0 |
               +--------+--------+--------+--------+--------+-----+--------+

Top non-repeatable levels by time:
     D:1: 1880 daAuts
     D:2: 42 daAuts
